 Dungeon Crawl Stone Soup version 0.21-a0-426-g98080a9 (webtiles) character file.

53 KristoblXynda the Shield-Bearer (level 3, -3/31 HPs)
             Began as a Draconian Fighter on Nov 7, 2017.
             Was a Follower of Cheibriados.
             Slain by a gnoll
             ... wielding a +0 spear
              (10 damage)
             ... on level 2 of the Dungeon.
             The game lasted 00:02:20 (1416 turns).

KristoblXynda the Shield-Bearer (Draconian Fighter) Turns: 1416, Time: 00:02:21

Health: -3/31      AC:  6    Str: 20    XL:     3   Next: 62%
Magic:  3/3        EV: 10    Int: 11    God:    Cheibriados [*.....]
Gold:   208        SH:  9    Dex: 12    Spells: 2/2 levels left

rFire    . . .     SeeInvis .   a - +0 long sword
rCold    . . .     Gourm    .   b - +0 shield
rNeg     . . .     Faith    .   (armour unavailable)
rPois    .         Spirit   .   (helmet restricted)
rElec    .         Reflect  .   (no cloak)
rCorr    .         Harm     .   j - +0 pair of gloves
MR       .....                  (no boots)
Stlth    +.........             (no amulet)
HPRegen  0.10/turn              (no ring)
MPRegen  0.08/turn              (no ring)

@: drained, very slow
A: unfitting armour, cold-blooded, AC +5
a: Bend Time, Renounce Religion


You were on level 2 of the Dungeon.
You worshipped Cheibriados.
Cheibriados was aware of your devotion.
You were hungry.

You visited 1 branch of the dungeon, and saw 2 of its levels.

You collected 208 gold pieces.

Inventory:

Hand Weapons
 a - a +0 long sword (weapon)
Armour
 b - a +0 shield (worn)
 j - a +0 pair of gloves (worn)
Jewellery
 m - an uncursed amulet of the gourmand {unknown}
Scrolls
 e - 4 scrolls of identify {unknown}
 g - 3 scrolls of fog {unknown}
 i - a scroll of immolation {unknown}
 k - 2 scrolls of remove curse {unknown}
 o - a scroll of teleportation {unknown}
Potions
 c - a potion of might
 f - a potion of invisibility {unknown}
 l - a potion of heal wounds {unknown}
 n - a potion of lignification {unknown}
 p - a potion of curing {unknown}
Comestibles
 d - 2 bread rations
 h - 2 meat rations


   Skills:
 - Level 3.2(2.9) Fighting
 * Level 3.2(2.8) Long Blades
 + Level 3.1(2.7) Dodging
 + Level 3.4(3.0) Shields


You had 2 spell levels left.
You didn't know any spells.

Dungeon Overview and Level Annotations

Branches:
Dungeon (2/15)

Altars:
Cheibriados


Innate Abilities, Weirdness & Mutations

Your plain brown scales are hard. (AC +5)
You cannot fit into any form of body armour.
You are cold-blooded and may be slowed by cold attacks.


Message History

You hit the gnoll.
The gnoll is moderately wounded.
You block the gnoll's attack. The gnoll closely misses you.
What are your orders? t - Shout!
Orders for allies: a - Attack new target. r - Retreat! s - Stop attacking. g - Guard the area. f - Follow me.
Anything else - Cancel.
You shout for attention!
The gnoll hits you from afar with a spear!
* * * LOW HITPOINT WARNING * * *
Unknown command.
Okay, then.
The gnoll barely misses you.
The gnoll hits you from afar with a spear.
* * * LOW HITPOINT WARNING * * *
The gnoll misses you.
The gnoll hits you from afar with a spear!
You die...

#g# #g# #.# #.# #.# ###.#
#### #######.gg#
###########.<####.....#.###
..........<.).(.@gggg...#
.##########..####.#.#..##
### #..## #......# ..###
#...# #.#.#..#
....#######(#.###......#
##..............#####.##
..##.#.#.#......## #.#
.................# #.#####
##...#.#.#.......####.....#


You could see 4 gnolls.

Vanquished Creatures
  A shadow imp (D:2)
  2 worms (D:2)
  A dart slug (D:2)
  2 leopard geckos
  A giant cockroach (D:2)
  7 goblins
  2 hobgoblins
  2 jackals (D:2)
  A quokka (D:2)
  3 ball pythons
  3 bats
  6 frilled lizards
  2 kobolds
  5 rats
38 creatures vanquished.

Notes
Turn   | Place    | Note
-------+----------+-------------------------------------------
     0 | D:1      | KristoblXynda the Draconian Fighter began the quest for the Orb.
     0 | D:1      | Reached XP level 1. HP: 19/19 MP: 1/1
   237 | D:1      | Reached XP level 2. HP: 22/26 MP: 2/2
   616 | D:2      | Found a snail-covered altar of Cheibriados.
   623 | D:2      | Became a worshipper of Cheibriados the Contemplative
   738 | D:2      | Reached XP level 3. HP: 18/31 MP: 3/3
  1197 | D:2      | Reached * piety under Cheibriados
  1416 | D:2      | Slain by a gnoll

Vault maps used:
D:1:      dpeg_arrival_concentric_ovals, minmay_misc_feat_tiny
D:2:      lemuel_round_altar, cheibriados_altar_1, serial_glass,
          glass_columns_b, glass_columns_b, glass_columns_b, glass_columns_a,
          glass_columns_b, glass_columns_a, glass_columns_c, glass_columns_a,
          glass_columns_b, glass_columns_a, glass_columns_b, glass_columns_c,
          glass_columns_c, glass_columns_c, feat_on_display, feat_on_display,
          item_on_display_b, feat_on_display

Skill      XL: |  1  2  3 |
---------------+----------+-----
Dodging        | 3 |  3.1
Long Blades    | 3 |  3.2
Fighting       | |  3.2
Shields        | |  3.4

Action                   || total
-------------------------++-------
Melee: Long sword        ||    97
       Tailslap          ||    15
  Eat: Chunk             ||     1
Armor: Skin              ||    26
Dodge: Dodged            ||    45
Block: Shield            ||    66
       Rpst.: Long sword ||    14

Table legend:
 A = Spawn XP
 B = Non-spawn XP
 C = Spawn XP percentage of total XP
 D = Spawn monster count
 E = Non-spawn monster count
 F = Spawn count percentage of total count
 G = Total turns spent on level
                    A         B        C        D         E        F      G
               +---------+---------+-------+---------+---------+-------+---------
         Total |       0 |      76 |   0.0 |       0 |      38 |   0.0 |  1416
               +---------+---------+-------+---------+---------+-------+---------
           D:1 |       0 |      22 |   0.0 |       0 |      15 |   0.0 |   616
           D:2 |       0 |      54 |   0.0 |       0 |      23 |   0.0 |   800
               +---------+---------+-------+---------+---------+-------+---------
